Map: Oxide LE

Players

DnS

  • Race: Protoss Protoss
  • League: Grandmaster
  • Spawn Location: 7:00

LiquidClem (Clem) - Winner!

  • Race: Terran Terran
  • League: Grandmaster
  • Spawn Location: 1:00

VOD

Have the link to the VOD?

Description

Time

  • Played on: March 18, 2021, 7:27 a.m.
  • Length: 12:59
Show
View Real Time Build Order
Export as new Build Order

DnS Protoss 

Build Orders: 1 Gate Expand, Oracle Opening, Blink Stalkers 

Get SALT Encoding   

  12  0:00  Probe  
  13  0:12  Probe  
  14  0:18  Pylon  
  14  0:24  Probe (Chrono Boost)  
  15  0:37  Gateway, Probe (Chrono Boost)  
  16  0:44  Probe (Chrono Boost)  
  16  0:46  Assimilator  
  17  0:52  Probe  
  18  1:04  Probe  
  19  1:16  Probe  
  20  1:20  Nexus  
  20  1:32  Cybernetics Core  
  20  1:35  Probe  
  21  1:40  Assimilator  
  22  1:47  Probe  
  22  1:50  Pylon  
  22  1:59  Probe  
  23  2:05  Stalker (Chrono Boost)  
  23  2:11  Probe  
  26  2:20  Stargate  
  26  2:25  Probe (Chrono Boost)  
  26  2:28  Warp Gate  
  27  2:32  Probe (Chrono Boost)  
  29  2:37  Stalker  
  29  2:41  Probe (Chrono Boost)  
  29  2:42  Probe (Chrono Boost)  
  32  2:47  Probe  
  32  2:49  Probe  
  34  2:59  Probe  
  34  3:02  Probe  
  34  3:03  Oracle (Chrono Boost)  
  39  3:12  Gateway, Probe  
  40  3:14  Probe  
  41  3:22  Gateway  
  41  3:23  Twilight Council  
  41  3:26  Probe x2  
  43  3:31  Pylon  
  43  3:40  Probe x2  
  43  3:41  Pylon  
  45  3:49  Assimilator  
  45  3:51  Blink (Chrono Boost)  
  45  3:52  Probe x2  
  47  4:04  Probe x2  
  49  4:10  Nexus  
  49  4:16  Stalker  
  51  4:18  Stalker  
  51  4:22  Stalker  
  55  4:25  Pylon  
  52  4:32  Probe  
  52  4:33  Probe  
  54  4:39  Stalker  
  54  4:44  Pylon, Probe  
  57  4:45  Probe  
  57  4:50  Stalker x2  
  62  4:56  Probe  
  62  4:58  Probe  
  64  5:04  Stalker  
  66  5:08  Probe  
  66  5:10  Probe  
  66  5:13  Stalker x2  
  72  5:18  Forge  
  72  5:20  Probe  
  73  5:22  Probe, Charge (Chrono Boost)  
  74  5:38  Protoss Ground Weapons Level 1 (Chrono Boost)  
  74  5:40  Stalker x3  
  74  5:42  Probe x2  
  74  5:46  Pylon, Probe  
  75  5:54  Probe  
  76  6:01  Probe  
  77  6:07  Stalker x3  
  77  6:08  Probe  
  84  6:15  Probe  
  84  6:17  Probe  
  86  6:20  Gateway, Probe  
  86  6:22  Gateway  
  86  6:23  Gateway  
  87  6:25  Gateway  
  87  6:26  Pylon  
  87  6:27  Gateway  
  87  6:28  Probe  
  87  6:32  Sentry, Zealot x2  
  94  6:33  Probe x2  
  96  6:40  Probe, Robotics Facility  
  97  6:49  Probe  
  98  6:57  Zealot x2  
  98  6:58  Zealot  
  98  6:59  Probe x2  
  98  7:00  Shield Battery  
  104  7:01  Assimilator, Probe  
  104  7:02  Assimilator  
  104  7:04  Templar Archives  
  105  7:10  Pylon  
  105  7:11  Pylon  
  105  7:12  Pylon  
  105  7:14  Pylon  
  105  7:22  Zealot x4  
  110  7:30  Observer  
  110  7:36  Zealot  
  110  7:37  Zealot x3  
  114  7:38  Photon Cannon  
  114  7:39  Photon Cannon  
  91  7:51  Zealot x3  
  91  7:52  Zealot  
  91  7:57  Stalker  
  91  7:58  Stalker x3  
  101  8:05  Probe x3  
  100  8:07  Protoss Ground Weapons Level 2 (Chrono Boost)  
  100  8:09  Photon Cannon  
  96  8:23  Zealot x5  
  96  8:25  Psionic Storm  
  99  8:37  Zealot x3  
  99  8:39  Observer (Chrono Boost)  
  96  8:48  Zealot x4  
  96  8:49  Zealot  
  86  9:05  Stalker x3  
  84  9:13  High Templar x2, Zealot x3  
  88  9:20  Archon  
  88  9:23  Immortal (Chrono Boost)  
  84  9:25  Assimilator  
  84  9:28  Stalker x2  
  90  9:36  High Templar x2  
  90  9:37  Zealot x2  
  94  9:50  Stalker x2  
  90  9:53  Immortal (Chrono Boost)  
  90  9:54  Zealot  
  90  9:55  Zealot  
  95  10:02  Zealot x2  
  99  10:14  Zealot x4  
  103  10:19  Protoss Ground Armor Level 1 (Chrono Boost), Nexus  
  99  10:29  Archon  
  99  10:30  High Templar x3  
  99  10:33  Pylon  
  103  10:36  Zealot x5  
  113  10:44  Probe x3  
  114  10:56  Observer  
  98  10:57  Zealot x2  
  98  10:58  Zealot x3  
  100  11:04  Robotics Bay, Sentry  
  100  11:06  Immortal (Chrono Boost)  
  100  11:07  Stalker x2  
  110  11:22  Zealot x3  
  110  11:23  Zealot  
  110  11:24  Stalker  
  116  11:30  Zealot x3  
  104  11:34  Archon  
  104  11:38  Immortal (Chrono Boost)  
  82  11:43  Zealot x4  
  90  11:52  Zealot x4  
  96  11:56  Probe  
  96  11:57  Shield Battery  
  91  12:07  Zealot x4  
  89  12:15  Zealot x3  
Show
View Real Time Build Order
Export as new Build Order

LiquidClem Terran - Winner!

Build Orders:  

Get SALT Encoding   

  12  0:00  SCV  
  13  0:12  SCV  
  14  0:17  Supply Depot  
  14  0:24  SCV  
  15  0:38  SCV  
  15  0:41  Barracks  
  16  0:44  Refinery  
  16  0:50  SCV  
  17  1:03  SCV  
  18  1:15  SCV  
  19  1:27  Marine  
  19  1:28  Orbital Command  
  20  1:39  Command Center  
  20  1:45  Barracks Reactor  
  20  1:50  Supply Depot  
  20  1:53  SCV  
  21  2:05  SCV  
  21  2:08  Factory  
  22  2:17  SCV  
  22  2:18  Refinery  
  22  2:21  Marine x2  
  25  2:27  Bunker  
  25  2:30  SCV  
  26  2:40  Marine  
  26  2:41  Marine  
  26  2:42  SCV  
  29  2:52  Hellion  
  29  2:54  Starport  
  31  3:02  Orbital Command  
  31  3:05  SCV  
  32  3:11  Marine x2  
  34  3:14  Hellion  
  34  3:17  SCV  
  37  3:26  Supply Depot  
  37  3:28  SCV  
  37  3:29  SCV  
  37  3:32  Medivac  
  41  3:36  Hellion  
  41  3:39  Marine  
  41  3:40  Marine  
  45  3:42  SCV  
  45  3:47  SCV  
  47  3:49  Supply Depot  
  47  3:54  SCV  
  48  3:57  Factory Tech Lab  
  48  3:59  SCV  
  48  4:00  Marine x2  
  51  4:06  SCV  
  51  4:07  Barracks  
  52  4:11  SCV, Supply Depot  
  52  4:16  Cyclone  
  56  4:18  SCV  
  56  4:22  Marine x2  
  56  4:23  SCV  
  60  4:30  SCV  
  57  4:34  Engineering Bay  
  57  4:36  SCV  
  57  4:37  Barracks  
  56  4:42  SCV, Marine x2  
  57  4:45  Supply Depot  
  57  4:48  SCV  
  57  4:50  Siege Tank  
  57  4:51  Refinery  
  61  4:54  SCV  
  61  4:55  Barracks Tech Lab  
  61  4:57  Starport Reactor  
  62  5:00  SCV, Refinery  
  62  5:01  Marine x2  
  65  5:08  Supply Depot, Terran Infantry Weapons Level 1  
  65  5:10  SCV  
  66  5:15  Stimpack  
  66  5:16  Marauder  
  66  5:19  Marine x2  
  71  5:28  Factory Reactor  
  70  5:29  SCV x2, Supply Depot  
  70  5:33  Marauder  
  70  5:38  Marine x2  
  70  5:39  Marauder  
  70  5:40  Combat Shield  
  71  5:44  Supply Depot  
  71  5:46  Medivac x2  
  75  5:52  Supply Depot  
  75  5:55  Marauder  
  75  5:56  Marine x2  
  78  6:02  Armory  
  78  6:05  Widow Mine x2  
  78  6:07  Marauder  
  81  6:16  Marine x2  
  81  6:19  Marauder  
  81  6:20  Medivac x2  
  81  6:23  Supply Depot  
  88  6:25  SCV  
  88  6:27  Supply Depot  
  88  6:31  Widow Mine x2  
  92  6:35  Marauder  
  92  6:36  Marine x2, Supply Depot  
  96  6:44  Marauder  
  98  6:52  Medivac  
  98  6:53  Medivac  
  100  6:55  Concussive Shells  
  100  6:56  Marine  
  100  6:57  Marine  
  100  6:58  Marauder  
  100  7:00  Widow Mine x2  
  103  7:06  Supply Depot  
  103  7:07  Marauder  
  105  7:11  Command Center  
  105  7:16  Marine x2  
  105  7:22  Terran Infantry Armor Level 1  
  105  7:23  Supply Depot  
  105  7:24  Widow Mine x2  
  109  7:33  Marauder x2  
  109  7:36  Marine x2  
  113  7:42  Medivac  
  113  7:45  Medivac, Widow Mine x2  
  106  7:54  Marauder  
  106  7:56  SCV, Barracks  
  104  8:00  Barracks  
  104  8:01  Marine x2  
  104  8:05  Marauder  
  107  8:11  Widow Mine x2  
  109  8:16  Marauder  
  111  8:20  Marine x2  
  111  8:26  Marauder, Medivac  
  115  8:28  Medivac  
  111  8:36  SCV x2  
  111  8:37  Marauder  
  111  8:38  Marine x2  
  116  8:43  Widow Mine  
  116  8:46  Barracks Tech Lab  
  116  8:47  Marauder  
  118  8:48  SCV  
  118  8:50  Barracks Reactor  
  118  8:51  Widow Mine  
  115  8:55  Engineering Bay  
  115  8:56  SCV  
  115  8:58  SCV  
  115  9:02  Marine  
  103  9:03  SCV  
  103  9:07  Marauder x2  
  103  9:08  Marine  
  103  9:10  Widow Mine  
  103  9:11  Marauder  
  103  9:15  Orbital Command  
  107  9:17  SCV  
  107  9:20  Widow Mine  
  107  9:22  Marine  
  111  9:25  Medivac x2  
  111  9:29  Terran Infantry Armor Level 2  
  115  9:31  Marine  
  115  9:33  Marine  
  115  9:34  Marine  
  115  9:37  Terran Infantry Weapons Level 2  
  116  9:38  SCV  
  116  9:39  SCV  
  116  9:42  Marine  
  116  9:43  Marauder  
  119  9:46  Widow Mine x2  
  119  9:50  Marauder x2  
  119  9:51  SCV  
  124  9:53  SCV  
  124  9:55  Marine  
  124  9:56  Marine  
  124  9:59  Marine  
  125  10:03  Marine  
  125  10:05  Marauder  
  125  10:08  SCV x3  
  125  10:10  Refinery  
  125  10:11  Widow Mine x2  
  125  10:13  Medivac x2  
  136  10:17  Marine x2  
  136  10:18  Marauder  
  140  10:22  Marauder  
  140  10:24  Marine x2  
  140  10:26  Marauder  
  145  10:35  Marine, Command Center  
  142  10:37  Marine  
  142  10:38  Refinery  
  142  10:39  Marauder  
  142  10:42  Widow Mine x2  
  149  10:44  Marine  
  149  10:45  Marine  
  149  10:47  Marauder  
  147  10:50  SCV x2  
  147  10:51  SCV  
  147  10:52  Marauder  
  147  10:55  Marine  
  146  11:01  Marauder  
  146  11:02  SCV, Marine x2  
  144  11:04  SCV  
  144  11:07  Marine  
  148  11:11  Widow Mine x2  
  148  11:13  Supply Depot  
  148  11:15  Marine  
  148  11:16  Marauder  
  148  11:17  Marauder  
  153  11:22  Marine x2  
  153  11:23  Marauder  
  155  11:31  Marine  
  152  11:33  Marine  
  152  11:37  Marine  
  152  11:38  Marauder  
  132  11:41  Marine x2  
  132  11:45  Marauder  
  133  11:48  Medivac  
  133  11:49  Medivac  
  133  11:50  Widow Mine x2  
  133  11:51  Marine  
  133  11:53  SCV x3  
  139  11:56  Marauder  
  141  12:01  Missile Turret  
  141  12:02  Marine x3  
  141  12:07  Marauder x2  
  144  12:10  Marine  
  144  12:11  SCV  
  144  12:17  Marine  
  144  12:28  Marauder  
Tags
 
Add a new tag
Caveats
  • Supply blocks, unpowered buildings, or Contaminate may cause inaccurate times.
  • Supply counts are checked every 10 seconds.